 Dungeon Crawl Stone Soup version 0.16-a0-2093-g8c923f7 (webtiles) character file.

1986 Pirate the Geomancer (level 9, -1/52 HPs)
             Began as a Gargoyle Earth Elementalist on Nov 11, 2014.
             Was a Follower of Vehumet.
             Slain by a sheep (3 damage)
             ... on level 7 of the Dungeon on Nov 12, 2014.
             The game lasted 00:26:04 (7902 turns).

Pirate the Geomancer (Gargoyle Earth Elementalist)  Turns: 7902, Time: 00:26:04

Health: -1/52      AC:  9    Str: 11    XL:     9   Next: 21%
Magic:  4/21       EV: 11    Int: 20    God:    Vehumet [*.....]
Gold:   252        SH:  0    Dex: 10    Spells: 5 memorised, 4 levels left

rFire  + . .     SeeInvis .     u - +0 hunting sling (flame)
rCold  . . .     Clarity  +     w - +0 leather armour {rF+}
rNeg   + . .     SustAb   .     (no shield)
rPois  +         Gourm    .     (no helmet)
rElec  +         Spirit   .     (no cloak)
rCorr  .         Warding  .     (no gloves)
rMut   .         Stasis   .     (no boots)
MR     +....                    o - amulet of clarity
Stlth  ++........               y - ring of protection from magic
                                (no ring)

@: about to teleport, somewhat resistant to hostile enchantments, unstealthy
A: negative energy resistance 1, electricity resistance, unbreathing,
petrification resistance, rot immunity, AC +5
a: Renounce Religion


You were on level 7 of the Dungeon.
You worshipped Vehumet.
Vehumet was aware of your devotion.
You were very hungry.

You visited 1 branch of the dungeon, and saw 7 of its levels.

You collected 337 gold pieces.
You spent 85 gold pieces at shops.

Inventory:

Hand weapons
 g - a +0 whip
 u - a +0 hunting sling of flaming (weapon)
Missiles
 b - 233 stones (quivered)
Armour
 w - a +0 leather armour of fire resistance (worn)
Jewellery
 o - an amulet of clarity (around neck)
 y - a ring of protection from magic (right hand)
 C - an uncursed amulet of regeneration {unknown}
Magical devices
 c - a wand of cold (6)
Scrolls
 f - 2 scrolls of amnesia {unknown}
 k - 3 scrolls of enchant weapon
 l - 3 scrolls of identify
 p - 3 scrolls of teleportation
 r - 3 scrolls of remove curse
 t - a scroll of fear
 x - a scroll of enchant armour {unknown}
Potions
 h - 2 potions of cancellation
 i - a potion of magic {unknown}
 j - a potion of brilliance {unknown}
 m - a potion of agility {unknown}
 n - a potion of degeneration {unknown}
 s - 4 potions of heal wounds
 v - 2 potions of curing {unknown}
 z - 2 potions of restore abilities {unknown}
 A - 3 potions of haste {unknown}
Books
 d - a book of Geomancy

   Spells                             Type                      Level
   *Sandblast                         Earth                        1
   *Stoneskin                         Transmutation/Earth          2
   *Passwall                          Transmutation/Earth          3
   *Stone Arrow                       Conjuration/Earth            3
   Petrify                            Transmutation/Earth          4
   *Lee's Rapid Deconstruction        Earth                        5
 e - a book of Cantrips

   Spells                             Type                      Level
   Corona                             Hexes                        1
   Animate Skeleton                   Necromancy                   1
   Summon Small Mammal                Summoning                    1
   Apportation                        Translocation                1
Comestibles
 a - 8 bread rations
 q - 8 fruits
 B - 2 meat rations
 D - a slice of pizza


   Skills:
 + Level 3.8 Fighting
 + Level 2.6 Slings
 + Level 3.5 Armour
 + Level 3.0 Dodging
 - Level 2.1 Stealth
 + Level 5.1 Spellcasting
 + Level 0.7 Conjurations
 - Level 0.7 Transmutations
 * Level 10.0 Earth Magic


You had 4 spell levels left.
You knew the following spells:

 Your Spells              Type           Power        Failure   Level  Hunger
a - Sandblast             Erth           #####.       1%          1    None
b - Stone Arrow           Conj/Erth      ####..       4%          3    ##.....
c - Stoneskin             Trmt/Erth      ####....     1%          2    None
d - Passwall              Trmt/Erth      ####......   4%          3    ##.....
e - Lee's Rapid Deconstr  Erth           #####.....   8%          5    #####..


Dungeon Overview and Level Annotations

Branches:
Dungeon (7/15)             Temple (0/1) D:7

Altars:
Ashenzari
Dithmenos
Kikubaaqudgha
Makhleb
Nemelex Xobeh
Okawaru
Qazlal
Vehumet
Xom
Yredelemnul
Zin
The Shining One

Shops:
D:4 ?   D:5 }


Innate Abilities, Weirdness & Mutations

You are resistant to torment.
You are immune to poison.
Your stone body is very resilient (AC +5).
You resist negative energy.
You are resistant to electric shocks.
You can survive without breathing.
You are immune to petrification.
You are immune to rotting.


Message History

Read which item? (? for menu, Esc to quit)
As you read the scroll of fear, it crumbles to dust.
You assume a fearsome visage.
The sheep looks frightened!
The sheep bleats in terror.
The sheep looks frightened!
The sheep bleats in terror.
The hog looks frightened!
The human looks frightened!
There is an open door here.
Items here: ( )) [ a dagger; a flail; a plate armour; 2 stones
There is an open door here.
There is an open door here.
You are feeling very hungry.
There is an escape hatch in the ceiling here.
Read which item? (? for menu, Esc to quit)
As you read the scroll of teleportation, it crumbles to dust.
You feel strangely unstable. The human hits you with a hand axe.
* * * LOW HITPOINT WARNING * * *
The sheep bites you.
You die...

####.##.##.##.....# #.....#
##'##'##.#####'######'###
.#.................#....%#
..'..............#.(Y.Y.%%#
..#...............#.#######
##+#####........###
...##.......##
............p.#
..........Y@.##########
.......................#
...##........########.##
#######+##### #..#
#.........# #####.#
#.........# ##.###.#
#........#####...##.#
#......<.##.#.†.....#
#..........†#.....###


You could see a human and a sheep.

Vanquished Creatures
  The ghost of Vidiiot the Firebug, an average OpWz (D:4)
  An orc warrior (D:7)
  A sky beast (D:5)
  A centaur (D:3)
  2 ogres
  A phantom (D:6)
  Sigmund (D:3)
  3 giant frogs (D:6)
  Blork the orc (D:5)
  2 scorpions
  3 crimson imps
  2 jellies
  A goliath beetle (D:7)
  4 hounds
  2 iguanas (D:5)
  2 orc priests
  4 orc wizards
  Natasha (twice) (D:3)
  3 worker ants
  Jessica (D:3)
  2 hound zombies
  A gnoll skeleton (D:7)
  11 adders
  3 giant mites
  2 worms
  2 giant geckos
  5 oozes
  10 orcs
  A ball python (D:3)
  6 giant cockroaches
  12 hobgoblins
  11 jackals
  3 quokkas (D:5)
  14 bats
  8 giant newts
  A giant spore (D:7)
  10 goblins
  9 kobolds
  18 rats
  A ballistomycete (D:7)
168 creatures vanquished.

Vanquished Creatures (others)
  Natasha (D:3)
1 creature vanquished.

Grand Total: 169 creatures vanquished

Notes
Turn   | Place    | Note
--------------------------------------------------------------
     0 | D:1      | Pirate, the Gargoyle Earth Elementalist, began the quest for the Orb.
     0 | D:1      | Reached XP level 1. HP: 10/10 MP: 3/3
   328 | D:1      | Reached skill level 4 in Earth Magic
   334 | D:1      | Reached XP level 2. HP: 12/15 MP: 4/4
  1007 | D:1      | Reached XP level 3. HP: 19/19 MP: 4/6
  1276 | D:1      | Learned a level 3 spell: Stone Arrow
  1279 | D:1      | Learned a level 2 spell: Stoneskin
  1325 | D:2      | Reached skill level 5 in Earth Magic
  1706 | D:2      | Reached XP level 4. HP: 17/24 MP: 0/8
  2106 | D:2      | Found a sparkling altar of Nemelex Xobeh.
  2172 | D:3      | Noticed Natasha
  2177 | D:3      | Killed Natasha
  2177 | D:3      | Reached skill level 6 in Earth Magic
  2177 | D:3      | Reached XP level 5. HP: 23/28 MP: 2/11
  2234 | D:3      | Learned a level 3 spell: Passwall
  2242 | D:3      | Noticed Natasha
  2306 | D:3      | Killed Natasha
  2379 | D:3      | Reached XP level 6. HP: 26/32 MP: 2/13
  2429 | D:3      | Reached skill level 7 in Earth Magic
  2473 | D:3      | Noticed Natasha
  2474 | D:3      | Killed Natasha
  2599 | D:3      | Found an iron altar of Okawaru.
  2659 | D:3      | Noticed Jessica
  2663 | D:3      | Killed Jessica
  2969 | D:3      | Noticed a centaur
  2976 | D:3      | Killed a centaur
  3454 | D:3      | Noticed Sigmund
  3603 | D:3      | Killed Sigmund
  3603 | D:3      | Reached skill level 8 in Earth Magic
  3603 | D:3      | Reached XP level 7. HP: 33/36 MP: 5/17
  3631 | D:3      | Found a glowing silver altar of Zin.
  3837 | D:4      | Noticed Vidiiot's ghost (average OpWz)
  3866 | D:5      | Entered Level 5 of the Dungeon
  4088 | D:5      | Reached skill level 1 in Fighting
  4088 | D:5      | Reached skill level 1 in Slings
  4088 | D:5      | Reached skill level 1 in Armour
  4300 | D:5      | Noticed Blork the orc
  4313 | D:5      | Killed Blork the orc
  4313 | D:5      | Reached XP level 8. HP: 37/44 MP: 5/18
  4333 | D:5      | Found Jaop Bia's Gadget Shop.
  4385 | D:4      | Learned a level 5 spell: Lee's Rapid Deconstruction
  4470 | D:4      | Found a shimmering altar of Xom.
  4473 | D:4      | Found a shattered altar of Ashenzari.
  4476 | D:4      | Found a burning altar of Makhleb.
  4486 | D:4      | Found a basalt altar of Yredelemnul.
  4536 | D:4      | Killed Vidiiot's ghost
  4651 | D:4      | Found a radiant altar of Vehumet.
  4659 | D:4      | Became a worshipper of Vehumet
  4681 | D:4      | Reached skill level 9 in Earth Magic
  5024 | D:4      | Found Caxait's Magic Scroll Emporium.
  5027 | D:4      | Bought a scroll of random uselessness for 10 gold pieces
  5027 | D:4      | Bought a scroll of identify for 20 gold pieces
  5027 | D:4      | Bought a scroll of identify for 20 gold pieces
  5027 | D:4      | Bought a scroll of fear for 35 gold pieces
  5465 | D:5      | Found a glowing golden altar of the Shining One.
  5731 | D:5      | Found a stormy altar of Qazlal.
  5757 | D:5      | Found a shadowy altar of Dithmenos.
  5926 | D:5      | Upgraded the game from 0.16-a0-2059-gf848859 to 0.16-a0-2093-g8c923f7
  5961 | D:5      | Found an ancient bone altar of Kikubaaqudgha.
  7067 | D:6      | Acquired Vehumet's first power
  7067 | D:6      | Offered knowledge of Freeze by Vehumet.
  7067 | D:6      | Reached XP level 9. HP: 48/51 MP: 11/20
  7138 | D:7      | Found a staircase to the Ecumenical Temple.
  7219 | D:7      | Reached skill level 5 in Spellcasting
  7676 | D:7      | Reached skill level 10 in Earth Magic
  7902 | D:7      | HP: 2/52 [human/hand axe (5)]
  7902 | D:7      | Slain by a sheep

Action                   |  1- 3 |  4- 6 |  7- 9 || total
-------------------------+-------+-------+-------++-------
Melee: Unarmed           |    51 |       |       ||    51
       Whip              |    78 |    40 |       ||   118
 Fire: Hunting sling     |       |   130 |   284 ||   414
 Cast: Sandblast         |    38 |    15 |   162 ||   215
       Stone Arrow       |     6 |    25 |    26 ||    57
       Stoneskin         |     3 |     2 |     1 ||     6
  Use: Scroll            |       |       |     9 ||     9
 Stab: Sleeping          |     1 |       |       ||     1
  Eat: Chunk             |     4 |     6 |    11 ||    21
       Pizza             |       |     1 |       ||     1
       Beef jerky        |       |     1 |       ||     1
       Fruit             |       |       |     3 ||     3
